Description

Hi,

This build is based on the 3 roach, or 2 base muta opener from Railgan.

I made a few small changes for my personal liking. For most information I guilde you to the above link.

Have a nice day!

Build Order

Get SALT Encoding   

  12  0:01  Drone  
  13  0:12  Overlord  
  13  0:16  Drone  
  14  0:31  Drone x3  
  17  0:47  Drone  
  18  0:48  Spawning Pool  
  17  0:57  Drone  
  18  1:11  Hatchery  
  17  1:12  Extractor  
  16  1:15  Drone x2  
  18  1:35  Zergling x2, Queen  
  21  1:41  Roach Warren  
  20  1:44  Drone x2  
  22  2:00  Overlord  
  22  2:17  Queen  
  24  2:23  Queen  
  26  2:28  Roach x3  
  32  2:35  Drone x2  
  34  2:49  Overlord  
  34  3:04  Lair  
  42  3:24  Overlord  
  43  3:27  Extractor  
  50  3:53  Extractor  
  52  3:57  Overlord  
  52  4:05  Extractor  
  52  4:08  Spire  
  52  4:21  Glial Reconstitution  
  59  4:34  Spore Crawler x2  
  57  4:43  Overseer  
  57  5:09  Hatchery  
  58  5:20  Mutalisk x4  
  66  5:37  Zerg Flyer Weapons Level 1  
  66  5:40  Mutalisk x2  
  73  5:46  Evolution Chamber x2  
  82  6:24  Mutalisk x4  
  92  6:38  Roach x2  
  96  6:41  Zerg Missile Weapons Level 1  
  94  6:53  Zerg Ground Armor Level 1  
  94  6:57  Extractor x2  
  94  6:58  Spore Crawler  
  96  7:03  Roach x4  
  96  7:08  Hatchery  
  103  7:11  Roach  
  103  7:13  Queen  
  110  7:26  Hatchery  
  123  7:44  Baneling Nest  
  136  8:24  Burrow  
  138  8:27  Metabolic Boost  
  138  8:30  Centrifical Hooks  
  138  8:31  Corruptor x2  
  145  8:36  Zergling x14  
  145  8:39  Queen  
  156  8:48  Ravager x6  
  166  9:07  Baneling x10  
  166  9:11  Zergling x2  
  167  9:19  Zergling x2  
  164  9:25  Zerg Ground Armor Level 2  
  164  9:30  Extractor  
Spawning Tool Build Advisor. Get it on Overwolf

Go to:

Details

  • Created by: StijnB
  • Published on: Jul 05, 2020
  • Modified on: Jul 05, 2020
  • Patch: 4.11.0
  • Difficulty: Medium
Show
View Real Time Build Order
Export as new Build Order

Comments (0)

There are no comments. Be the first!

Create an account to comment!